 Dungeon Crawl Stone Soup version 0.31-a0-271-gb88eb75e06 (webtiles) character file.

Game seed: 1582746736910311579

2866 Crownlay the Frost Mage (level 9, -21/66 HPs)
             Began as a Gnoll Ice Elementalist on July 14, 2023.
             Was an Initiate of Gozag.
             Collided with a stone wall (24 damage)
             ... caused by a wretched star
             ... on level 1 of the Abyss.
             The game lasted 00:15:02 (7188 turns).

Crownlay the Frost Mage (Gnoll Ice Elementalist)    Turns: 7188, Time: 00:15:03

Health: -21/66     AC: 15    Str:  8    XL:     9   Next: 75%
Magic:  12/19      EV: 14    Int: 18    God:    Gozag
Gold:   932        SH:  5    Dex: 13    Spells: 6/21 levels left

rFire   . . .        i - +3 hammer (venom)
rCold   . . .        (no shield)
rNeg    + . .        a - +0 robe
rPois   .            (no helmet)
rElec   .            t - +1 cloak {Will+}
rCorr   .            (no gloves)
SInv    .            c - +2 pair of boots
Will    +....        r - amulet of reflection
Stlth   +++          s - ring of Ruunitz {Wiz rN+ Dex+4}
HPRegen 0.31/turn    (no ring)
MPRegen 0.16/turn

%: reflection, wizardry (x1)
@: ice-armoured, freezing walls
A: fangs 1, strong nose, distributed training, [clumsy 2], ([teleportitis 2])
a: Renounce Religion, Potion Petition, Call Merchant, Bribe Branch


You were on level 1 of the Abyss.
You worshipped Gozag.
Gozag was pleased with you.
You visited 1 branch of the dungeon, and saw 6 of its levels.
You visited the Abyss 1 time.

You collected 959 gold pieces.
You paid 27 gold pieces to Gozag.

Inventory:

Hand Weapons
 i - a +3 hammer of venom (weapon)
Armour
 a - a +0 robe (worn)
 c - a +2 pair of boots (worn)
 t - a +1 cloak of willpower (worn)
Jewellery
 d - an amulet of the acrobat
 r - an amulet of reflection (around neck)
 s - the ring of Ruunitz (left hand) {Wiz rN+ Dex+4}
   (You found it on level 3 of the Dungeon)

   [ring of wizardry]

   It improves your spell success rate.
   Dex:       It affects your dexterity (+4).
   rN:        It protects you from negative energy.
Talismans
 n - a beast talisman
Wands
 v - a wand of mindburst (11)
Scrolls
 g - 6 scrolls of teleportation
 l - a scroll of blinking {unknown}
 o - a scroll of enchant armour {unknown}
 p - a scroll of identify
 q - a scroll of revelation {unknown}
 w - a scroll of amnesia {unknown}
 y - a scroll of butterflies {unknown}
Potions
 b - a potion of magic
 e - a potion of curing
 f - a potion of lignification {unknown}
 h - 5 potions of berserk rage
 j - a potion of degeneration {unknown}
 k - a potion of enlightenment {unknown}
 m - a potion of haste {unknown}
 u - a potion of brilliance {unknown}
 x - 2 potions of mutation {unknown}


   Skills:
 + Level 4.6 Fighting
 + Level 4.6 Short Blades
 + Level 4.6 Long Blades
 + Level 4.6 Axes
 + Level 4.6 Maces & Flails
 + Level 4.6 Polearms
 + Level 4.6 Staves
 + Level 4.6 Ranged Weapons
 + Level 4.6 Throwing
 + Level 4.6 Armour
 + Level 6.6 Dodging
 + Level 6.3 Stealth
 + Level 4.6 Shields
 + Level 4.6 Unarmed Combat
 + Level 6.9 Spellcasting
 + Level 3.8 Conjurations
 + Level 3.8 Hexes
 + Level 3.8 Summonings
 + Level 3.8 Necromancy
 + Level 3.8 Translocations
 + Level 3.8 Transmutations
 + Level 3.8 Fire Magic
 + Level 8.1 Ice Magic
 + Level 3.8 Air Magic
 + Level 3.8 Earth Magic
 + Level 3.8 Poison Magic
 + Level 5.1 Invocations
 + Level 4.6 Evocations
 + Level 3.8 Shapeshifting


You had 6 spell levels left.
You knew the following spells:

 Your Spells              Type           Power      Damage    Failure   Level
a - Freeze                Ice            100%       1d10      1%          1
b - Frozen Ramparts       Ice            70%        1d11      1%          3
c - Ozocubu's Armour      Ice            35%        N/A       1%          3
d - Summon Ice Beast      Ice/Summ       27%        N/A       3%          4
e - Manifold Assault      Tloc           20%        N/A       9%          4

Your spell library contained the following spells:

 Spells                   Type           Power      Damage    Failure   Level
 Magic Dart               Conj           80%        1d7       1%          1
 Blink                    Tloc           40%        N/A       1%          2
 Call Imp                 Summ           40%        N/A       1%          2
 Mephitic Cloud           Conj/Pois/Air  20%        N/A       2%          3


Dungeon Overview and Level Annotations

Branches:
Dungeon (6/15)
 Temple: D:4-7

Altars:
Gozag
Ru
Sif Muna
Uskayaw
The Shining One
Lugonu

Portals:
Abyss: D:6

Annotations:
D:3 3 runed translucent doors, caveywoolpert's ghost, amateur MfMo


Innate Abilities, Weirdness & Mutations

You have very sharp teeth.
Your uncanny sense of smell can sniff out nearby items.
Your experience applies equally to all skills.
[You are very clumsy. (Dex -4)]
[((You are often teleported next to monsters.))]


Message History

You closely miss the wretched star.
You bite the wretched star, but do no damage.
The wretched star is lightly damaged.
The wall freezes the wretched star but does no damage.
The wretched star glows turbulently.
The lance of force hits you!
* * * LOW HITPOINT WARNING * * *
You are knocked back by the lance of force.
You slam into the stone wall!
Okay, then.
You hit the wretched star but do no damage.
The wretched star is lightly damaged.
The wall freezes the wretched star but does no damage.
You hit the wretched star.
The wretched star is lightly damaged.
The frozen ramparts melt away.
Casting: Ozocubu's Armour (safe; 1% risk of failure)
Confirm with . or Enter, or press ? or * to list all spells.
Casting: Frozen Ramparts (safe; 1% risk of failure)
Press: ? - help, Dir - look around, f - activate The walls around you are covered in ice.
The wretched star resists.
The wall freezes the wretched star.
The wretched star pulses with an eldritch light!
You feel weirdly uncertain.
You feel even more weirdly uncertain.
You barely miss the wretched star.
The wretched star is moderately damaged.
The wall freezes the wretched star but does no damage.
You hit the wretched star but do no damage.
The wretched star is moderately damaged.
The wall freezes the wretched star but does no damage.
You hit the wretched star but do no damage.
The wretched star is moderately damaged.
The wall freezes the wretched star but does no damage.
The wretched star glows turbulently.
The lance of force hits you!
* * * LOW HITPOINT WARNING * * *
You are knocked back by the lance of force.
You slam into the stone wall!
You die...
Your body crumbles into a pile of gold.

# # #.
#####
#...#
#.*@##
#.##.# .
# #.# ##
~~ #...#
## #
##...# #
..#. .#
#
.###....
.. . .#
. . .
...#


You could see a wretched star.

Vanquished Creatures
  A smoke demon (Abyss:1)
  A kobold demonologist (D:6)
  A hornet (D:4)
  A wraith (D:6)
  A steam dragon (D:6)
  Menkaure (D:4)
  Edmund (D:6)
  2 water moccasins
  An orc warrior (D:6)
  A black bear (D:5)
  2 ogres
  A centaur (D:6)
  A phantom (D:6)
  2 kobold brigands (D:6)
  A bullfrog (D:6)
  2 scorpions
  A wight (D:4)
  Crazy Yiuf (D:3)
  3 hounds (D:5)
  A sleepcap (D:6)
  Terence (D:2)
  4 iguanas
  3 orc wizards (D:6)
  7 adders
  4 white imps (D:5)
  An ufetubus (D:5)
  A worm (D:2)
  A dart slug (D:4)
  12 orcs
  14 ball pythons
  3 endoplasms
  4 giant cockroaches
  11 hobgoblins
  2 jackals (D:2)
  6 quokkas
  2 bats
  3 frilled lizards
  5 goblins
  20 kobolds
  6 rats
136 creatures vanquished.

Notes
Turn   | Place    | Note
-------+----------+-------------------------------------------
     0 | D:1      | Crownlay the Gnoll Ice Elementalist began the quest for the
                  | Orb.
     0 | D:1      | Reached XP level 1. HP: 13/13 MP: 6/6
   143 | D:1      | Reached XP level 2. HP: 19/19 MP: 5/7
   543 | D:1      | Reached XP level 3. HP: 25/25 MP: 5/9
   547 | D:1      | Learned a level 3 spell: Frozen Ramparts
   551 | D:1      | Learned a level 3 spell: Ozocubu's Armour
   579 | D:1      | Reached skill level 5 in Spellcasting
  1216 | D:2      | Reached skill level 1 in Invocations
  1290 | D:2      | Found an opulent altar of Gozag.
  1314 | D:2      | Became a worshipper of Gozag Ym Sagoz the Greedy
  1359 | D:2      | Reached skill level 1 in Fighting
  1359 | D:2      | Reached skill level 1 in Short Blades
  1359 | D:2      | Reached skill level 1 in Long Blades
  1359 | D:2      | Reached skill level 1 in Axes
  1359 | D:2      | Reached skill level 1 in Maces & Flails
  1359 | D:2      | Reached skill level 1 in Polearms
  1359 | D:2      | Reached skill level 1 in Staves
  1359 | D:2      | Reached skill level 1 in Ranged Weapons
  1359 | D:2      | Reached skill level 1 in Throwing
  1359 | D:2      | Reached skill level 1 in Armour
  1359 | D:2      | Reached skill level 1 in Shields
  1359 | D:2      | Reached skill level 1 in Unarmed Combat
  1359 | D:2      | Reached skill level 1 in Evocations
  1544 | D:2      | Reached XP level 4. HP: 4/32 MP: 8/11
  2137 | D:2      | Noticed Terence
  2156 | D:2      | Killed Terence
  2157 | D:2      | Reached skill level 1 in Conjurations
  2157 | D:2      | Reached skill level 1 in Hexes
  2157 | D:2      | Reached skill level 1 in Summonings
  2157 | D:2      | Reached skill level 1 in Necromancy
  2157 | D:2      | Reached skill level 1 in Translocations
  2157 | D:2      | Reached skill level 1 in Transmutations
  2157 | D:2      | Reached skill level 1 in Fire Magic
  2157 | D:2      | Reached skill level 1 in Air Magic
  2157 | D:2      | Reached skill level 1 in Earth Magic
  2157 | D:2      | Reached skill level 1 in Poison Magic
  2157 | D:2      | Reached skill level 1 in Shapeshifting
  2305 | D:3      | Identified the ring of Ruunitz {Wiz rN+ Dex+4}
  2550 | D:3      | Reached XP level 5. HP: 37/37 MP: 10/12
  2858 | D:3      | Found a runed translucent gate.
  2858 | D:3      | Found a runed translucent gate.
  2858 | D:3      | Found a runed translucent gate.
  2861 | D:3      | Identified the +0 dagger of Chance {flame, rElec rN+}
  2930 | D:3      | Noticed an ogre
  2936 | D:3      | Killed an ogre
  3084 | D:3      | Found a runed translucent door.
  3085 | D:3      | Noticed Crazy Yiuf
  3093 | D:3      | Killed Crazy Yiuf
  3094 | D:3      | Reached XP level 6. HP: 34/44 MP: 4/14
  3325 | D:3      | Noticed caveywoolpert's ghost (amateur MfMo)
  3599 | D:4      | Noticed a hornet
  3604 | D:4      | Killed a hornet
  3605 | D:4      | Reached skill level 5 in Dodging
  3732 | D:4      | Found a glowing golden altar of the Shining One.
  3739 | D:4      | Reached XP level 7. HP: 50/50 MP: 8/15
  3854 | D:4      | Learned a level 4 spell: Summon Ice Beast
  3931 | D:4      | Noticed Menkaure
  3941 | D:4      | Killed Menkaure
  4424 | D:4      | Learned a level 4 spell: Manifold Assault
  4463 | D:5      | Entered Level 5 of the Dungeon
  4480 | D:5      | Reached skill level 5 in Stealth
  4676 | D:5      | Found a shimmering blue altar of Sif Muna.
  4941 | D:5      | Found a sacrificial altar of Ru.
  4951 | D:5      | Reached XP level 8. HP: 57/57 MP: 12/16
  5399 | D:5      | Found a hide-covered altar of Uskayaw.
  5560 | D:6      | Noticed a kobold demonologist
  5569 | D:6      | Killed a kobold demonologist
  5821 | D:6      | Reached XP level 9. HP: 61/65 MP: 14/18
  6135 | D:6      | Reached skill level 8 in Ice Magic
  6239 | D:6      | Found a large runed translucent door.
  6239 | D:6      | Found a large runed translucent door.
  6241 | D:6      | Found a corrupted altar of Lugonu.
  6274 | D:6      | Found a one-way gate to the infinite horrors of the Abyss.
  6277 | D:6      | Identified the +9 rapier of Crusades {distort, rN+}
  6302 | D:6      | Noticed Edmund
  6313 | D:6      | Killed Edmund
  6921 | Abyss:1  | Cast into level 1 of the Abyss (kobold brigand)
  6970 | Abyss:1  | Noticed a smoke demon
  6977 | Abyss:1  | Killed a smoke demon
  6978 | Abyss:1  | Reached skill level 5 in Invocations
  6985 | Abyss:1  | Found a candlelit altar of Ignis.
  6987 | Abyss:1  | Noticed a tentacled starspawn
  7155 | Abyss:1  | Noticed an ancient zyme
  7156 | Abyss:1  | Noticed a wretched star
  7188 | Abyss:1  | HP: 3/66 [wretched star/lance of force (16)]
  7188 | Abyss:1  | Collided with a stone wall

Illustrated notes

Levels and vault maps discovered:
D:1:      minmay_arrival_arboretum_small, layout_basic, interstate_on_off
D:2:      layout_loops_ring, basic_altar, minmay_3d_cube, uniq_terence
D:3:      layout_loops_corners, biasface_ghost_orc_armoury,
          uniq_crazy_yiuf_cottage
D:4:      layout_cave_pools, mainiacjoe_overflow_small_starburst, st_stairs_9,
          chequers_serial_rivers_large_b, palyth_stone_intersect,
          minmay_misc_feat_five, uniq_menkaure
D:5:      layout_layer_cave, nicolae_ru_sacrificial_ziggurat,
          nicolae_uskayaw_murder_on_the_dancefloor, kennysheep_orc_sif_temple
D:6:      due_chaos_kobolds, layout_basic, uniq_edmund
Abyss:1:  base:
D:5

Skill      XL: |  1  2  3  4  5  6  7  8  9 |
---------------+----------------------------+-----
Spellcasting   | 5 6 |  6.9
Invocations    | 1 2 3 4 5 |  5.1
Fighting       | 1 2 3 4 |  4.6
Short Blades   | 1 2 3 4 |  4.6
Long Blades    | 1 2 3 4 |  4.6
Axes           | 1 2 3 4 |  4.6
Maces & Flails | 1 2 3 4 |  4.6
Polearms       | 1 2 3 4 |  4.6
Staves         | 1 2 3 4 |  4.6
Ranged Weapons | 1 2 3 4 |  4.6
Throwing       | 1 2 3 4 |  4.6
Armour         | 1 2 3 4 |  4.6
Shields        | 1 2 3 4 |  4.6
Unarmed Combat | 1 2 3 4 |  4.6
Evocations     | 1 2 3 4 |  4.6
Conjurations   | 1 2 3 |  3.8
Hexes          | 1 2 3 |  3.8
Summonings     | 1 2 3 |  3.8
Necromancy     | 1 2 3 |  3.8
Translocations | 1 2 3 |  3.8
Transmutations | 1 2 3 |  3.8
Fire Magic     | 1 2 3 |  3.8
Air Magic      | 1 2 3 |  3.8
Earth Magic    | 1 2 3 |  3.8
Poison Magic   | 1 2 3 |  3.8
Shapeshifting  | 1 2 3 |  3.8
Dodging        | 5 6 |  6.6
Stealth        | 5 6 |  6.3
Ice Magic      | 8 |  8.1

Action                     |  1- 3 |  4- 6 |  7- 9 || total
---------------------------+-------+-------+-------++-------
  Melee: Short sword       |    21 |    14 |       ||    35
         Bite              |     3 |     3 |    25 ||    31
         Unarmed           |     1 |       |       ||     1
         Mace              |       |     3 |   136 ||   139
         Punch             |       |       |     9 ||     9
   Cast: Freeze            |    52 |    38 |    42 ||   132
         Frozen Ramparts   |       |     5 |    31 ||    36
         Ozocubu's Armour  |       |     5 |    15 ||    20
         Summon Ice Beast  |       |       |     1 ||     1
         Manifold Assault  |       |       |     2 ||     2
    Use: Scroll            |       |     1 |     1 ||     2
         Potion            |       |       |     1 ||     1
   Stab: Sleeping          |       |       |     1 ||     1
 Armour: Robe              |     7 |     4 |    43 ||    54
  Dodge: Dodged            |    43 |    30 |   113 ||   186
  Block: Other             |       |     3 |    43 ||    46
         Reflection        |       |       |     1 ||     1
   Form: Beast             |     1 |     1 |       ||     2
                           |       |     2 |       ||     2

Table legend: (Time is in decaauts)
 A = Elapsed time spent in this place.
 B = Non-inter-level travel time spent in this place.
 C = Inter-level travel time spent in this place.
 D = Time resting spent in this place.
 E = Time spent auto-exploring this place.
 F = Levels seen in this place.
 G = Mean time per level.
                   A        B        C        D        E       F      G
               +--------+--------+--------+--------+--------+-----+--------+
         Total |   7240 |   7087 |    153 |    186 |   5668 |   7 | 1034.3 |
       Dungeon |   6971 |   6818 |    153 |     46 |   5668 |   6 | 1161.8 |
         Abyss |    269 |    269 |      0 |    140 |      0 |   1 |  269.0 |
               +--------+--------+--------+--------+--------+-----+--------+

Top non-repeatable levels by time:
     D:6: 1377 daAuts
     D:3: 1240 daAuts
     D:1: 1152 daAuts
     D:2: 1138 daAuts
     D:5: 1113 daAuts
     D:4: 950 daAuts
 Abyss:1: 269 daAuts
